 Dungeon Crawl Stone Soup version 0.32-a0-886-g41c5271027 (webtiles) character file.

Game seed: 5379912856458431917

323 pokeman the Thaumaturge (level 6, -5/34 HPs)
             Began as a Deep Elf Hedge Wizard on Apr 2, 2024.
             Killed from afar by PimpSugar's ghost (7 damage)
             ... with a magic dart
             ... on level 3 of the Dungeon.
             The game lasted 00:06:08 (3323 turns).

pokeman the Thaumaturge (Deep Elf Hedge Wizard)     Turns: 3323, Time: 00:06:08

Health: -5/34      AC:  2    Str:  7    XL:     6   Next: 23%
Magic:  18/19      EV: 11    Int: 21    God:
Gold:   79         SH:  0    Dex: 14    Spells: 10/21 levels left

rFire   . . .        i - +0 dagger (elec)
rCold   . . .        (no shield)
rNeg    + . .        b - +0 robe
rPois   .            c - +0 hat
rElec   .            (no cloak)
rCorr   .            (no gloves)
SInv    .            (no boots)
Will    .....        (no amulet)
Stlth   ++           m - ring of positive energy
HPRegen 0.25/turn    (no ring)
MPRegen 0.16/turn

%: no passive effects
@: no status effects
A: no striking features
a: no special abilities


You were on level 3 of the Dungeon.
You visited 1 branch of the dungeon, and saw 3 of its levels.

You collected 79 gold pieces.

Inventory:

Hand Weapons
 i - a +0 dagger of electrocution (weapon)
 n - the +9 hand axe of the Brewing Boar {speed, rF+ rC+ Int-4 SInv}
   (You found it on level 2 of the Dungeon)

   Int-4:     It affects your intelligence (-4).
   rF+:       It protects you from fire.
   rC+:       It protects you from cold.
   SInv:      It lets you see invisible.
Missiles
 g - a throwing net
Armour
 b - a +0 robe (worn)
 c - a +0 hat (worn)
Jewellery
 m - a ring of positive energy (left hand)
Scrolls
 a - a scroll of summoning {unknown}
 e - a scroll of immolation
 f - 2 scrolls of identify {unknown}
 h - a scroll of poison {unknown}
 l - a scroll of fear {unknown}
 q - a scroll of enchant armour {unknown}
 t - a scroll of vulnerability {unknown}
Potions
 d - a potion of magic
 j - 3 potions of cancellation {unknown}
 k - a potion of degeneration {unknown}
 o - a potion of attraction {unknown}
 p - a potion of heal wounds {unknown}
 r - a potion of enlightenment {unknown}
 s - a potion of lignification {unknown}


   Skills:
 - Level 1.0 Fighting
 - Level 1.0 Armour
 + Level 2.8 Dodging
 + Level 2.6 Stealth
 * Level 8.2 Spellcasting
 + Level 2.5 Conjurations
 - Level 1.1 Summonings
 - Level 1.1 Translocations


You had 10 spell levels left.
You knew the following spells:

 Your Spells              Type           Power      Damage    Failure   Level
a - Magic Dart            Conj           76%        1d6       2%          1
b - Mephitic Cloud        Conj/Alch/Air  12%        N/A       17%         3
c - Call Imp              Summ           26%        N/A       8%          2
d - Blink                 Tloc           26%        N/A       8%          2
e - Stone Arrow           Conj/Erth      28%        3d8       14%         3

Your spell library contained the following spells:

 Spells                   Type           Power      Damage    Failure   Level
 Sandblast                Erth           16%        2d6       8%          1
 Slow                     Hex            32%        N/A       8%          1
 Cigotuvi's Dreadful Rot  Necr/Alch/Air  16%        N/A       12%         2
 Brom's Barrelling Bould  Conj/Erth      14%        2d4       41%         4


Dungeon Overview and Level Annotations

Branches:
Dungeon (3/15)

Altars:
Wu Jian

Shops:
D:2 [[=*

Annotations:
D:3 PimpSugar's ghost, amateur DsHW


Message History

You are more confused.
The bullfrog is engulfed in noxious fumes.
The bullfrog appears confused.
The bullfrog hits you.
Unknown command.
The bullfrog is engulfed in noxious fumes.
The bullfrog appears confused.
Unknown command.
You're too confused to move!
The bullfrog is engulfed in noxious fumes.
The bullfrog appears confused.
Unknown command.
You bump into the translucent stone wall.
The bullfrog is engulfed in noxious fumes.
The bullfrog appears confused.
The bullfrog hits you.
The cerulean imp hits you with a +2 spear.
The bullfrog is engulfed in noxious fumes.
The bullfrog appears confused.
The bullfrog hits the cerulean imp!
You feel less confused.
The bullfrog is engulfed in noxious fumes.
The bullfrog appears confused.
The bullfrog hits you.
The cerulean imp hits you from afar with a +2 spear.
Unknown command.
The bullfrog is engulfed in noxious fumes.
The bullfrog appears confused.
The cerulean imp hits you from afar with a +2 spear.
PimpSugar's ghost casts a spell.
The cerulean imp hits you from afar with a +2 spear!
The cerulean imp barely misses you.
PimpSugar's ghost gestures wildly while chanting.
The cerulean imp attacks as it pursues you!
The cerulean imp closely misses you. PimpSugar's ghost casts a spell at you.
The magic dart hits you.
* * * LOW HITPOINT WARNING * * *
The cerulean imp attacks as it pursues you!
The cerulean imp hits you from afar with a +2 spear.
* * * LOW HITPOINT WARNING * * *
PimpSugar's ghost points at you and mumbles some strange words.
The magic dart hits you!
You die...

###############
#........@....#
######
#.##...5..###.#
#.....
#.........#
#.#######.....
#.........#
#>............
#....5#####
#.............
#.....#
#########.....
###.W5..# #####
#.....
§§#.....# #...#
#.....
§§'..F### #...#
#.....


You could see PimpSugar's ghost and 3 cerulean imps.

Vanquished Creatures
  Sigmund (D:2)
  A bombardier beetle (D:2)
  3 adders (D:2)
  2 dart slugs (D:1)
  A ribbon worm (D:2)
  5 orcs (D:3)
  8 bats
  4 endoplasms
  2 giant cockroaches
  10 goblins
  5 hobgoblins
  3 jackals
  8 kobolds
  6 quokkas
  5 ball pythons
  5 frilled lizards
  5 rats
74 creatures vanquished.

Notes
Turn   | Place    | Note
-------+----------+-------------------------------------------
     0 | D:1      | pokeman the Deep Elf Hedge Wizard began the quest for the
                  | Orb.
     0 | D:1      | Reached XP level 1. HP: 10/10 MP: 7/7
   177 | D:1      | Reached XP level 2. HP: 16/16 MP: 0/9
   777 | D:1      | Reached skill level 5 in Spellcasting
   795 | D:1      | Reached XP level 3. HP: 15/20 MP: 0/11
   799 | D:1      | Learned a level 3 spell: Mephitic Cloud
   802 | D:1      | Learned a level 2 spell: Call Imp
   805 | D:1      | Learned a level 2 spell: Blink
  1061 | D:2      | Found an ornate altar of the Wu Jian Council.
  1161 | D:2      | Noticed Sigmund
  1184 | D:2      | Reached skill level 1 in Armour
  1275 | D:2      | Killed Sigmund
  1276 | D:2      | Reached skill level 7 in Spellcasting
  1276 | D:2      | Reached XP level 4. HP: 13/24 MP: 6/15
  1276 | D:2      | Reached XP level 5. HP: 15/28 MP: 6/17
  1408 | D:2      | Found Lolixa's Jewellery Boutique.
  1447 | D:2      | Found Owecvat's General Store.
  1608 | D:2      | Identified the +9 hand axe of the Brewing Boar {speed, rF+
                  | rC+ Int-4 SInv}
  1616 | D:2      | Found Tolod's Antique Armour Boutique.
  1636 | D:2      | Found Towuubei's Armour Emporium.
  1822 | D:2      | Reached skill level 8 in Spellcasting
  1843 | D:2      | Found a faded altar of an unknown god.
  2020 | D:2      | Reached skill level 1 in Fighting
  2210 | D:2      | Reached XP level 6. HP: 33/34 MP: 13/19
  2777 | D:3      | Found a runed translucent door.
  2779 | D:3      | Noticed PimpSugar's ghost (amateur DsHW)
  2843 | D:3      | Learned a level 3 spell: Stone Arrow
  3323 | D:3      | Killed from afar by PimpSugar's ghost

Illustrated notes

Levels and vault maps discovered:
D:1:      sevenhm_arrival_forest_fort_small_6, layout_rooms,
          minmay_split_cup_small
D:2:      minmay_diamond_boxcup, layout_loops_ring, serial_shops,
          nicolae_shop_stone, shop, shop, nicolae_shop_statue_plus,
          ebering_ecumenical_altar_sacrificial, basic_altar,
          nicolae_eternal_life, uniq_sigmund
D:3:      layout_basic, ebering_ghost_inner_flame, kennysheep_generic_room_15

Skill      XL: |  1  2  3  4  5 |
---------------+----------------+-----
Spellcasting   | 5 7 8 |  8.2
Armour         | 1 |  1.0
Conjurations   | 2 |  2.5
Fighting       | 1 |  1.0
Dodging        | |  2.8
Stealth        | |  2.6
Summonings     | |  1.1
Translocations | |  1.1

Action                     |  1- 3 |  4- 6 || total
---------------------------+-------+-------++-------
  Melee: Whip              |     9 |       ||     9
         Dagger            |    11 |     5 ||    16
   Cast: Magic Dart        |    73 |   108 ||   181
         Mephitic Cloud    |     2 |     3 ||     5
   Stab: Confused          |     3 |     1 ||     4
 Armour: Robe              |    17 |    28 ||    45
  Dodge: Dodged            |    23 |     8 ||    31

Table legend: (Time is in decaauts)
 A = Elapsed time spent in this place.
 B = Non-inter-level travel time spent in this place.
 C = Inter-level travel time spent in this place.
 D = Time resting spent in this place.
 E = Time spent auto-exploring this place.
 F = Levels seen in this place.
 G = Mean time per level.
                   A        B        C        D        E       F      G
               +--------+--------+--------+--------+--------+-----+--------+
         Total |   3322 |   3293 |     29 |     53 |   2831 |   3 | 1107.3 |
       Dungeon |   3322 |   3293 |     29 |     53 |   2831 |   3 | 1107.3 |
               +--------+--------+--------+--------+--------+-----+--------+

Top non-repeatable levels by time:
     D:2: 1333 daAuts
     D:1: 1076 daAuts
     D:3: 912 daAuts
